 Dungeon Sprint DCSS version 0.18-a0-1350-g404b4cb (webtiles) character file.

1774 Kidiri the Covert (level 8, 0/42 HPs)
             Began as a Spriggan Enchanter on Feb 19, 2016.
             Was an Initiate of Dithmenos.
             Slain by a tentacle (19 damage)
             ... attached to a kraken
             ... in the Dungeon (Sprint II: "The Violet Keep of Menkaure").
             The game lasted 00:06:27 (785 turns).

Kidiri the Covert (Spriggan Enchanter)               Turns: 785, Time: 00:06:27

Health: 0/42       AC:  6    Str:  4    XL:     8   Next: 80%
Magic:  17/22      EV: 27    Int: 18    God:    Dithmenos [......]
Gold:   365        SH:  0    Dex: 17    Spells: 8 memorised, 4 levels left

rFire  . . .     SeeInvis +     a - +1 dagger
rCold  . . .     Gourm    .     l - +2 robe {rN+}
rNeg   + . .     Faith    .     (shield restricted)
rPois  .         Spirit   .     k - +1 hat
rElec  .         Dismiss  .     m - +0 cloak
rCorr  .         Reflect  .     (gloves unavailable)
SustAt .         Harm     .     (boots unavailable)
MR     +....     NoTele   +     (no amulet)
Stlth  ++++++....               (no ring)
                                q - +4 ring of slaying

@: very quick, somewhat resistant to hostile enchantments, very stealthy
A: unfitting armour, see invisible, herbivore 3, speed 3, slow metabolism 2
a: Renounce Religion


You were in the Dungeon.
You worshipped Dithmenos.
Dithmenos was noncommittal.
You were not hungry.

You visited 1 branch You collected 1221 gold pieces.
You spent 856 gold pieces at shops.

Inventory:

Hand Weapons
 a - a +1 dagger (weapon)
Missiles
 b - a throwing net (quivered)
Armour
 k - a +1 hat (worn)
 l - a +2 robe of positive energy (worn)
 m - a +0 cloak (worn)
Jewellery
 q - a +4 ring of slaying (left hand)
Scrolls
 j - 2 scrolls of blinking
 n - 7 scrolls of identify {unknown}
 o - 8 scrolls of remove curse {unknown}
 s - a scroll of magic mapping {unknown}
 y - a scroll of enchant armour {unknown}
Potions
 e - a potion of curing
 f - a potion of heal wounds
 g - 2 potions of haste
 h - 5 potions of magic
 p - a potion of lignification {unknown}
 r - 4 potions of resistance {unknown}
 t - a potion of degeneration {unknown}
 u - a potion of might {unknown}
 v - a potion of brilliance {unknown}
 w - 3 potions of flight {unknown}
 z - a potion of berserk rage
Books
 c - a book of Maledictions

   Spells                             Type                      Level
   a - Corona                         Hexes                        1
   b - Ensorcelled Hibernation        Hexes/Ice                    2
   c - Confuse                        Hexes                        3
   d - Tukima's Dance                 Hexes                        3
   e - Dazzling Spray                 Conjuration/Hexes            3
 i - Sif Muna's Compendium of the Mountains
   (You bought it in a shop in the Dungeon)

   Spells                             Type                      Level
   a - Sandblast                      Earth                        1
   b - Passwall                       Transmutation/Earth          2
   c - Stone Arrow                    Conjuration/Earth            3
   d - Lee's Rapid Deconstruction     Earth                        5
   e - Shatter                        Earth                        9
Comestibles
 d - 3 bread rations
 x - a royal jelly


   Skills:
 + Level 4.1 Fighting
 * Level 8.4 Short Blades
 + Level 3.8 Armour
 * Level 11.2 Dodging
 * Level 12.7 Stealth
 * Level 9.9 Spellcasting
 + Level 3.3 Conjurations
 + Level 7.9 Hexes
 + Level 3.0 Transmutations
 + Level 4.0 Ice Magic
 + Level 2.0 Earth Magic
 + Level 0.0 Invocations


You had 4 spell levels left.
You knew the following spells:

 Your Spells              Type           Power        Failure   Level  Hunger
a - Corona                Hex            #####..      1%          1    None
b - Ensorcelled Hibernat  Hex/Ice        ####..       1%          2    None
c - Confuse               Hex            #####...     1%          3    None
d - Tukima's Dance        Hex            #####...     1%          3    None
e - Dazzling Spray        Conj/Hex       ####....     2%          3    None
f - Passwall              Trmt/Erth      ###.......   4%          2    None
g - Stone Arrow           Conj/Erth      ###...       10%         3    None
h - Lee's Rapid Deconstr  Erth           ###.......   87%         5    #####..


Dungeon Overview and Level Annotations

Branches:
Dungeon (1/1)

Altars:
Cheibriados
Dithmenos
Elyvilon
Fedhas
Gozag
Kikubaaqudgha
Makhleb
Nemelex Xobeh
Okawaru
Pakellas
Qazlal
Ru
Sif Muna
Trog
Vehumet
Xom
Yredelemnul
Zin
The Shining One
Beogh
Jiyva
Lugonu

Shops:
D =:}!::%[}*!?=[((

Annotations:
D exclusion: oklob plant


Innate Abilities, Weirdness & Mutations

You are tiny and cannot use many weapons and most armour.
You have supernaturally acute eyesight.
You are an herbivore.
You cover ground extremely quickly.
You need consume almost no food.


Message History

Unknown command.
Casting: Ensorcelled Hibernation
Confirm with . or Enter, or press ? or * to list all spells.
Okay, then.
Unknown command.
Casting: Ensorcelled Hibernation
Confirm with . or Enter, or press ? or * to list all spells.
Aiming: Dazzling Spray
Press: ? - help, Shift-Dir - straight line, f/p - kraken
Aim: a kraken (water, heavily wounded)
The spray of energy hits the kraken.
The kraken is heavily wounded.
The kraken bites you!!
Ouch! That really hurt!
Tentacles burst out of the water! 4 tentacles come into view.
Unknown command.
The tentacle barely misses you. The tentacle completely misses you.
The tentacle slaps you!!
You die...

#"[▓..[..[.(▓▓ #.
#)§▓..(.....▓▓
+.####|)▓[...(..[▓▓
.^.####▓.[...)..▓▓
#..##.#▓...(.).(▓▓
+..#..#▓..).[(..▓▓
#†.#%)#▓..).(...▓▓
###..##%#▓.[.....(▓▓
.###...##▓▓▓▓▓▓▓@▓▓▓▓+▓
..§≈≈≈(≈≈≈≈≈≈≈≈≈.wwXw≈▓
...≈#+########+###*≈w≈▓
≈..≈#..._._._#t≈≈##≈≈≈▓
≈≈.≈#.._._._.#§§§§ ###▓
≈§≈≈#._._._._#§§§§
≈≈≈≈#_._._._.#§≈§§
≈§§≈#._._._..#§≈§§
##§≈#_._._...#§§§§


You could see a kraken and 4 tentacles.

Vanquished Creatures
  A yaktaur (D)
  3 polar bears (D)
  2 boulder beetles (D)
  2 hippogriffs (D)
  Menkaure (D)
  A wasp (D)
  A crocodile (D)
  A scorpion (D)
  4 worker ants (D)
  3 worms (D)
19 creatures vanquished.

Vanquished Creatures (others)
  2 tentacle segments (D)
2 creatures vanquished.

Grand Total: 21 creatures vanquished

Notes
Turn   | Place    | Note
--------------------------------------------------------------
     0 | D        | Kidiri the Spriggan Enchanter began the quest for the Orb.
     0 | D        | Reached XP level 1. HP: 9/9 MP: 5/5
     1 | D        | Noticed a worker ant
     1 | D        | Noticed a worker ant
   114 | D        | Reached skill level 5 in Stealth
   151 | D        | Found Toutisis's Jewellery Boutique.
   151 | D        | Found Zylixaum's Antique Weapon Boutique.
   151 | D        | Found Paukiar's Magic Scroll Shop.
   152 | D        | Found Ifuleirph's Weapon Shop.
   152 | D        | Found Hyups's Distillery.
   152 | D        | Found Ekutulok's General Store.
   152 | D        | Found Apnull's Gadget Shop.
   152 | D        | Found Ibypsou's Antique Armour Boutique.
   154 | D        | Reached XP level 2. HP: 13/13 MP: 5/7
   164 | D        | Learned a level 2 spell: Ensorcelled Hibernation
   181 | D        | Reached skill level 6 in Stealth
   181 | D        | Reached skill level 5 in Hexes
   181 | D        | Reached XP level 3. HP: 15/17 MP: 7/9
   183 | D        | Reached skill level 1 in Fighting
   188 | D        | Reached skill level 1 in Armour
   188 | D        | Reached skill level 5 in Dodging
   188 | D        | Reached skill level 7 in Stealth
   188 | D        | Reached skill level 1 in Ice Magic
   188 | D        | Reached XP level 4. HP: 18/22 MP: 7/11
   190 | D        | Reached skill level 5 in Spellcasting
   195 | D        | Learned a level 3 spell: Confuse
   199 | D        | Learned a level 3 spell: Tukima's Dance
   203 | D        | Learned a level 3 spell: Dazzling Spray
   238 | D        | Noticed a boulder beetle
   238 | D        | Noticed a boulder beetle
   241 | D        | Noticed a hippogriff
   241 | D        | Noticed a hippogriff
   245 | D        | Killed a hippogriff
   245 | D        | Reached skill level 5 in Short Blades
   245 | D        | Reached skill level 9 in Stealth
   245 | D        | Reached skill level 1 in Conjurations
   245 | D        | Reached XP level 5. HP: 24/26 MP: 11/15
   248 | D        | Killed a hippogriff
   248 | D        | Reached XP level 6. HP: 28/32 MP: 10/17
   303 | D        | Killed a boulder beetle
   303 | D        | Reached skill level 10 in Stealth
   303 | D        | Reached XP level 7. HP: 36/36 MP: 13/19
   312 | D        | Killed a boulder beetle
   312 | D        | Reached skill level 11 in Stealth
   412 | D        | Noticed a flying skull
   413 | D        | Noticed a flying skull
   413 | D        | Noticed a flying skull
   413 | D        | Noticed a flying skull
   413 | D        | Noticed a flying skull
   414 | D        | Noticed a flying skull
   414 | D        | Noticed a flying skull
   414 | D        | Noticed a flying skull
   414 | D        | Noticed Menkaure
   416 | D        | Killed Menkaure
   416 | D        | Reached skill level 10 in Dodging
   417 | D        | Noticed a flying skull
   417 | D        | Noticed a flying skull
   418 | D        | Noticed a flying skull
   432 | D        | Noticed an orange crystal statue
   438 | D        | Found Icatagre's Antique Armour Shop.
   448 | D        | Found Poshreug's Food Boutique.
   448 | D        | Found Dady's Book Boutique.
   448 | D        | Noticed an unseen horror
   450 | D        | Found Dide's Book Shop.
   451 | D        | Found Zaeps's Distillery.
   451 | D        | Found Biakeplu's Gadget Shop.
   451 | D        | Noticed an unseen horror
   451 | D        | Noticed an oklob plant
   452 | D        | Found Ysam Neth's Book Shoppe.
   452 | D        | Found Ishatis's Jewellery Boutique.
   454 | D        | Noticed a fire dragon
   468 | D        | Bought Sif Muna's Compendium of the Mountains for 609 gold pieces
   471 | D        | Learned a level 2 spell: Passwall
   475 | D        | Learned a level 3 spell: Stone Arrow
   481 | D        | Learned a level 5 spell: Lee's Rapid Deconstruction
   488 | D        | Bought a glowing hat for 112 gold pieces
   501 | D        | Bought a runed robe for 18 gold pieces
   501 | D        | Bought a cloak for 117 gold pieces
   565 | D        | Found an iron altar of Okawaru.
   566 | D        | Found a glowing golden altar of the Shining One.
   566 | D        | Found a roughly hewn altar of Beogh.
   567 | D        | Found a white marble altar of Elyvilon.
   567 | D        | Found a radiant altar of Vehumet.
   568 | D        | Found a shimmering altar of Xom.
   568 | D        | Found a burning altar of Makhleb.
   568 | D        | Found a sparkling altar of Nemelex Xobeh.
   568 | D        | Found a basalt altar of Yredelemnul.
   568 | D        | Found a corrupted altar of Lugonu.
   569 | D        | Found a snail-covered altar of Cheibriados.
   569 | D        | Found a stormy altar of Qazlal.
   569 | D        | Found a blossoming altar of Fedhas.
   570 | D        | Found a shadowy altar of Dithmenos.
   570 | D        | Found a viscous altar of Jiyva.
   570 | D        | Found an oddly glowing altar of Pakellas.
   571 | D        | Found a glowing silver altar of Zin.
   571 | D        | Found a sacrificial altar of Ru.
   572 | D        | Found an opulent altar of Gozag.
   572 | D        | Found an ancient bone altar of Kikubaaqudgha.
   573 | D        | Noticed a yaktaur
   573 | D        | Noticed a polar bear
   574 | D        | Noticed a polar bear
   579 | D        | Killed a polar bear
   579 | D        | Reached skill level 1 in Transmutations
   579 | D        | Reached XP level 8. HP: 40/42 MP: 18/22
   580 | D        | Noticed a polar bear
   583 | D        | Killed a polar bear
   583 | D        | Reached skill level 12 in Stealth
   583 | D        | Reached skill level 1 in Earth Magic
   597 | D        | Killed a yaktaur
   602 | D        | Killed a polar bear
   618 | D        | Found a deep blue altar of Sif Muna.
   618 | D        | Found a bloodstained altar of Trog.
   629 | D        | Became a worshipper of Dithmenos the Shadowed
   645 | D        | Noticed a kraken
   785 | D        | Slain by a tentacle

Vault maps used:
D:        the_violet_keep_of_menkaure

Action                   |  1- 3 |  4- 6 |  7- 9 || total
-------------------------+-------+-------+-------++-------
Melee: Dagger            |    10 |     7 |    24 ||    41
 Cast: Corona            |     2 |       |       ||     2
       Ensorcelled Hiber |       |     3 |     9 ||    12
       Dazzling Spray    |       |     1 |     4 ||     5
       Confuse           |       |       |     4 ||     4
  Use: Potion            |     1 |       |       ||     1
 Stab: Sleeping          |     4 |     4 |     5 ||    13
       Invisible         |       |     1 |     4 ||     5
       Confused          |       |       |     4 ||     4
